[Event "*** Titled Tuesday Blitz"]
[Site "Chess.com"]
[Date "2021.02.16"]
[Round "8"]
[White "akhairat"]
[Black "canary2016"]
[Result "1-0"]
[WhiteElo "2332"]
[BlackElo "1965"]
[TimeControl "180+1"]
[EndTime "11:27:27 PST"]
[Termination "akhairat won by checkmate"]

1. e4 c5 2. Nf3 d6 3. d4 cxd4 4. Nxd4 Nf6 5. Nc3 a6 6. Bg5 e6 7. f4 h6 8. Bxf6 Qxf6 9. Qd2 Nc6 10. Nxc6 bxc6 11. O-O-O Qd8 12. Bc4 Be7 13. Kb1 d5 14.
exd5 cxd5 15. Bb3 Bd7 16. f5 O-O 17. fxe6 fxe6 18. Rhe1 Bg5 19. Qd3 Bf6 20. Nxd5 exd5 21. Qxd5+ Kh8 22. Qxd7 Qa5 23. Qd5 Rad8 24. Qxa5 Rxd1+ 25. Rxd1 Re8 26. Qxa6 Rf8 27. Qc4 Bg5 28. a4 Re8 29. a5 Ra8 30. a6 Bf6 31. h4 Rb8 32. h5 Ra8 33. g4 Rb8 34. a7 Ra8 35. Rd7 Bg5 36. Rb7 Bf4 37. Rb8+ Rxb8 38. axb8=Q+ Bxb8 39. Qg8# 1-0

[Event "*** Titled Tuesday Blitz"]
[Site "Chess.com"]
[Date "2021.02.16"]
[Round "8"]
[White "remi04"]
[Black "Eloist"]
[Result "1-0"]
[WhiteElo "2602"]
[BlackElo "2401"]
[TimeControl "180+1"]
[EndTime "11:27:30 PST"]
[Termination "remi04 won by resignation"]

1. e4 e6 2. d4 d5 3. Bd3 dxe4 4. Bxe4 Nf6 5. Bf3 c5 6. Ne2 Nc6 7. Be3 cxd4 8. Nxd4 Ne5 9. Nc3 a6 10. Qe2 Bb4 11.
O-O-O Qe7 12. Bd2 Nxf3 13. Qxf3 O-O 14. Rhe1 Rd8 15. Nf5 Qf8 16. Nh6+ Kh8 17. Bg5 Rxd1+ 18. Rxd1 Be7 19. Ne4 Nxe4 20. Bxe7 Qxe7 21. Rd8+ Qxd8 22. Nxf7+ Kg8 23. Nxd8 Nf6 24. g4 e5 25. Qb3+ 1-0

[Event "*** Titled Tuesday Blitz"]
[Site "Chess.com"]
[Date "2021.02.16"]
[Round "8"]
[White "Manukyan_Artak"]
[Black "korbul"]
[Result "1/2-1/2"]
[WhiteElo "2407"]
[BlackElo "2573"]
[TimeControl "180+1"]
[EndTime "11:27:40 PST"]
[Termination "Game drawn by agreement"]

1. e4 c5 2. Nf3 e6 3. c3 Nf6 4. e5 Nd5 5. d4 cxd4 6. cxd4 d6 7.
Nc3 Nxc3 8. bxc3 Qc7 9. Bd2 Nd7 10. Bb5 a6 11. Bxd7+ Bxd7 12. O-O Be7 13. Re1 O-O 14. Bg5 Bc6 15. Bxe7 Qxe7 16. exd6 Qxd6 17. Ne5 Rac8 18.
Re3 f6 19. Nd3 Bd5 20. Nc5 a5 21. Qg4 Rfe8 22. Rae1 b6 23. Nxe6 Bxe6 24. Rxe6 Rxe6 25. Qxe6+ Qxe6 26. Rxe6 Rxc3 27. Kf1 Rc1+ 28. Ke2 Rc2+ 29.
Ke3 Rxa2 30. Rxb6 Kf7 31. Rb7+ Kg6 32. d5 Ra1 33. Ra7 a4 34. d6 Rd1 35. Rxa4 Rxd6 1/2-1/2

[Event "*** Titled Tuesday Blitz"]
[Site "Chess.com"]
[Date "2021.02.16"]
[Round "8"]
[White "MoreChessJulia"]
[Black "Matols"]
[Result "1-0"]
[WhiteElo "2140"]
[BlackElo "2232"]
[TimeControl "180+1"]
[EndTime "11:27:42 PST"]
[Termination "MoreChessJulia won by resignation"]

1. d4 Nf6 2. c4 e6 3. Nf3 b6 4.
g3 Ba6 5. Nbd2 d5 6. Bg2 Be7 7. O-O O-O 8. cxd5 exd5 9. Ne5 Bb7 10. e3 Nbd7 11. Nd3 c5 12. dxc5 bxc5 13. Re1 Rc8 14.
b3 Re8 15. Bb2 Qb6 16. Rc1 Bf8 17. Nf4 Ne4 18. Nxe4 dxe4 19. Qxd7 Rcd8 20. Qg4 Rd2 21. Re2 Red8 22. Rxd2 Rxd2 23. Bc3 Rxa2 24. Nh5 Qg6 25. Qxg6 hxg6 26. Nf4 g5 27. Nh5 f6 28. g4 Bd5 29. Ng3 Bxb3 30. Bxe4 a5 31. Nf5 a4 32. Bb1 Re2 33. Ng3 1-0

[Event "*** Titled Tuesday Blitz"]
[Site "Chess.com"]
[Date "2021.02.16"]
[Round "8"]
[White "Chesswizard_2007"]
[Black "Sergey85Rodchenkov"]
[Result "0-1"]
[WhiteElo "2696"]
[BlackElo "2506"]
[TimeControl "180+1"]
[EndTime "11:27:43 PST"]
[Termination "Sergey85Rodchenkov won by checkmate"]

1. d4 Nf6 2. c4 e6 3. Nf3 b6 4.
Nc3 Bb7 5. Bg5 Bb4 6. Qc2 h6 7. Bh4 g5 8. Bg3 Ne4 9. Nd2 Bxc3 10. bxc3 Nxd2 11. Qxd2 f5 12. e3 d6 13. h4 g4 14.
Rg1 Nd7 15. Bd3 Qe7 16. a4 a5 17. Ke2 Nf6 18. Qb2 O-O-O 19. Qb5 Ne4 20. Bxe4 Bxe4 21. f3 Bb7 22. c5 dxc5 23. dxc5 Rd5 24. Rad1 Rxc5 25.
Qb2 Rg8 26. Kf2 gxf3 27. gxf3 e5 28. Qc2 e4 29. Bf4 Rxg1 30. Rxg1 Kb8 31. Qb3 Qxh4+ 32. Bg3 Qh5 33. fxe4 fxe4 34. Qd1 Rf5+ 35. Ke1 Qe8 36.
Bf4 Rd5 37. Qc2 Rd7 38. Qb3 Ka7 39. Qc4 Ba6 40. Qg8 Qh5 41. Rg2 Rd1+ 42. Kf2 Qf3# 0-1

[Event "*** Titled Tuesday Blitz"]
[Site "Chess.com"]
[Date "2021.02.16"]
[Round "8"]
[White "VladimirBugayev"]
[Black "Tashik"]
[Result "0-1"]
[WhiteElo "2304"]
[BlackElo "2441"]
[TimeControl "180+1"]
[EndTime "11:27:43 PST"]
[Termination "Tashik won by resignation"]

1. e4 e5 2. Nf3 Nc6 3. d4 exd4 4. Nxd4 Nf6 5. Nxc6 bxc6 6. e5 Qe7 7. Qe2 Nd5 8. c4 Nb6 9. h4 Qe6 10. g3 Bb7 11. b3 c5 12. Bh3 Qc6 13. Rh2 O-O-O 14. Bb2 Kb8 15. Nd2 d5 16. cxd5 Nxd5 17. O-O-O Nb4 18.
Bg2 Qg6 19. Be4 Bxe4 20. Qxe4 Nxa2+ 21. Kc2 Rxd2+ 0-1

[Event "*** Titled Tuesday Blitz"]
[Site "Chess.com"]
[Date "2021.02.16"]
[Round "8"]
[White "vladgoncharov"]
[Black "DonPreuss"]
[Result "1-0"]
[WhiteElo "2472"]
[BlackElo "2252"]
[TimeControl "180+1"]
[EndTime "11:27:46 PST"]
[Termination "vladgoncharov won by resignation"]

1. Nf3 f5 2. c4 Nf6 3. Nc3 e6 4. d4 Be7 5. g3 O-O 6. Bg2 d6 7. O-O Qe8 8. Qc2 Qh5 9. e4 fxe4 10. Nxe4 Nxe4 11. Qxe4 Nc6 12. h3 Bf6 13. Be3 e5 14. g4 Qf7 15. d5 Ne7 16. g5 Bf5 17. Qh4 Ng6 18. Qg3 Be7 19. h4 Be4 20. Nxe5 Nxe5 21.
Bxe4 Nxc4 22. Rac1 Nxe3 23. fxe3 Qe8 24. Bf5 Bd8 25.
Be6+ Kh8 26. Rxf8+ Qxf8 27. Rf1 Qe8 28. Rf7 c6 29.
Qxd6 cxd5 30. Rf8+ 1-0

[Event "*** Titled Tuesday Blitz"]
[Site "Chess.com"]
[Date "2021.02.16"]
[Round "8"]
[White "QuintilianoR"]
[Black "Ranindu2003"]
[Result "1-0"]
[WhiteElo "2709"]
[BlackElo "2577"]
[TimeControl "180+1"]
[EndTime "11:27:48 PST"]
[Termination "QuintilianoR won by resignation"]

1. d4 Nf6 2. c4 e6 3. Nf3 d5 4.
Nc3 Nbd7 5. Bf4 dxc4 6. e3 Nd5 7. Bxc4 Nxf4 8. exf4 Nb6 9. O-O Nxc4 10. Qa4+ Bd7 11. Qxc4 Bd6 12. Ne5 O-O 13. Rad1 c6 14. Rfe1 Rc8 15.
Ne4 Be7 16. Nc5 Be8 17. Nxb7 Qb6 18. Nc5 Qxb2 19. Nxe6 fxe6 20. Qxe6+ Kh8 21. Qxc8 Bh5 22. Qh3 Be8 23. Nd7 Rf7 24. Nc5 Qb8 25. Qe3 h6 26.
Rb1 Qd6 27. Rb7 Bf8 28. Qxe8 Rxf4 29. Rf7 1-0

[Event "*** Titled Tuesday Blitz"]
[Site "Chess.com"]
[Date "2021.02.16"]
[Round "8"]
[White "Evachess2006"]
[Black "beto-betun"]
[Result "0-1"]
[WhiteElo "1605"]
[BlackElo "2185"]
[TimeControl "180+1"]
[EndTime "11:27:48 PST"]
[Termination "beto-betun won by resignation"]

1. e4 c5 2. c3 d5 3. exd5 Qxd5 4. d4 Nc6 5. Nf3 Bg4 6. Be2 e6 7. O-O cxd4 8. Nxd4 Bxe2 9. Nxe2 Nf6 10. Qxd5 Nxd5 11. Be3 Nxe3 12. fxe3 Bc5 13. Re1 Bxe3+ 14. Kf1 O-O-O 15.
Na3 Rd7 16. Rad1 Bd2 17. Nb5 Bxe1 18. Rxd7 Kxd7 19. Kxe1 a6 20. Nbd4 Nxd4 21. cxd4 Rc8 22. Kd2 Kd6 23. Kd3 f5 24. Nc3 e5 25. dxe5+ Kxe5 26. g3 g5 27. b3 Rxc3+ 28. Kxc3 Ke4 29. Kc4 f4 30. gxf4 gxf4 31. Kc3 Ke3 32. Kc2 Ke2 0-1

[Event "*** Titled Tuesday Blitz"]
[Site "Chess.com"]
[Date "2021.02.16"]
[Round "8"]
[White "WonderChampion"]
[Black "muchojogo"]
[Result "0-1"]
[WhiteElo "2098"]
[BlackElo "2332"]
[TimeControl "180+1"]
[EndTime "11:27:51 PST"]
[Termination "muchojogo won by resignation"]

1. d4 Nf6 2. Bg5 Ne4 3. Bf4 e6 4. f3 Bd6 5. Bxd6 Nxd6 6. e4 f5 7. Bd3 O-O 8. Ne2 b6 9. O-O Bb7 10. Nbc3 Nc6 11. exf5 Nxf5 12. Bxf5 Rxf5 13. d5 exd5 14.
Nxd5 d6 15. c4 Qd7 16. Qd3 Raf8 17. Ng3 Ne5 18. Qd1 R5f7 19. b3 Ng6 20. Ne4 Nf4 21.
Nxf4 Rxf4 22. Nc3 Qc6 23. Nd5 Qc5+ 24. Kh1 Rd4 25. Ne7+ Kh8 26. Qe2 Qh5 27. Rad1 Rh4 28. h3 Re8 29. Rfe1 Rxh3+ 30. gxh3 Bxf3+ 31. Qxf3 Qxf3+ 32. Kg1 Qg3+ 33. Kh1 Qxh3+ 34. Kg1 Qg4+ 35. Kf1 Rxe7 36. Rxe7 Qxd1+ 37. Re1 Qf3+ 38. Kg1 h5 39. Re8+ Kh7 40. Re7 h4 0-1

[Event "*** Titled Tuesday Blitz"]
[Site "Chess.com"]
[Date "2021.02.16"]
[Round "8"]
[White "rynos0411"]
[Black "bascheyaro"]
[Result "0-1"]
[WhiteElo "2488"]
[BlackElo "2718"]
[TimeControl "180+1"]
[EndTime "11:27:52 PST"]
[Termination "bascheyaro won by resignation"]

1. d4 d5 2. c4 c6 3. cxd5 cxd5 4.
Bf4 Nc6 5. e3 Bf5 6. Bb5 Bxb1 7.
Bxc6+ bxc6 8. Qxb1 e6 9. a3 c5 10. dxc5 Bxc5 11. Nf3 Nf6 12. O-O O-O 13. Qd3 Bd6 14. Ne5 Qb6 15. b4 a5 16. b5 a4 17.
Rfc1 Rfc8 18. h3 Ne4 19. Nd7 Qb7 20. Bxd6 Nxd6 21. Nc5 Qxb5 22. Qd4 Nc4 23. Nd3 Rab8 24. Nb4 Na5 25. Rab1 Nb3 26. Rxc8+ Rxc8 27. Qa7 h6 28. Kh2 Nd2 29. Rd1 Qe2 30. Qa6 Rc4 31. Rg1 Qxf2 32. Nc6 Nf3+ 0-1

[Event "*** Titled Tuesday Blitz"]
[Site "Chess.com"]
[Date "2021.02.16"]
[Round "8"]
[White "frenchpin"]
[Black "Smile2005"]
[Result "1-0"]
[WhiteElo "2490"]
[BlackElo "2343"]
[TimeControl "180+1"]
[EndTime "11:27:56 PST"]
[Termination "frenchpin won by resignation"]

1. e4 d5 2. exd5 Nf6 3. d4 Nxd5 4. c4 Nb6 5. Nc3 e5 6. dxe5 Qxd1+ 7. Kxd1 Nc6 8. Bf4 Bf5 9. a3 O-O-O+ 10. Ke1 Na5 11. Rd1 Rxd1+ 12. Kxd1 Naxc4 13. Kc1 Bc5 14. Nf3 Bxf2 15. Ng5 Bg6 16. Be2 h6 17. Bg4+ Kb8 18. Nf3 Ne3 19. Bh3 Rd8 20. Nd2 Nec4 21. Rf1 Be3 22. Bxe3 Nxe3 23. Rf4 Ned5 24. Rf3 Nxc3 25. Rxc3 c6 26.
g3 Rd5 27. Re3 Rd3 28. Re2 Kc7 29. e6 fxe6 30. Rxe6 Bh7 31. Re7+ Kd6 32. Rxg7 1-0

[Event "*** Titled Tuesday Blitz"]
[Site "Chess.com"]
[Date "2021.02.16"]
[Round "8"]
[White "NTBT_DHS"]
[Black "oneshot007"]
[Result "1-0"]
[WhiteElo "2773"]
[BlackElo "2513"]
[TimeControl "180+1"]
[EndTime "11:28:00 PST"]
[Termination "NTBT_DHS won by resignation"]

1. e4 c5 2. Nf3 Nc6 3. d4 cxd4 4.
Nxd4 Nf6 5. Nc3 e5 6. Ndb5 d6 7. Nd5 Nxd5 8. exd5 Nb8 9. a4 Be7 10. Bd3 O-O 11. O-O f5 12. f4 e4 13. Be2 Nd7 14.
Nd4 Nf6 15. b4 Kh8 16. c4 a5 17. b5 Qe8 18. Ra3 Bd8 19. Rh3 Bb6 20. Be3 Bd7 21. Qe1 Rc8 22. Qh4 Qg6 23. Rg3 Qf7 24. Nxf5 Bxf5 25. Bxb6 e3 26. Rxe3 Rfe8 27. Rxe8+ Rxe8 28. Bf3 Bd3 29. Rc1 Nd7 30. Bd4 Nc5 31. Bxc5 dxc5 32. h3 b6 33. Kh2 h6 34. Bh5 g6 35. Bf3 Kg7 36. Rc3 Re3 37. d6 Qe8 38. Bc6 Qd8 39. Qxd8 1-0

[Event "*** Titled Tuesday Blitz"]
[Site "Chess.com"]
[Date "2021.02.16"]
[Round "8"]
[White "Atco84"]
[Black "A-S-00"]
[Result "0-1"]
[WhiteElo "2433"]
[BlackElo "2324"]
[TimeControl "180+1"]
[EndTime "11:28:01 PST"]
[Termination "A-S-00 won by resignation"]

1. d4 Nf6 2. c4 g6 3. g3 Bg7 4. Bg2 O-O 5. Nf3 d6 6. O-O Nbd7 7. Nc3 e5 8. e4 c6 9. Qc2 Re8 10. Rd1 exd4 11. Nxd4 Qe7 12. b3 Nc5 13. f3 a5 14.
a3 Nfd7 15. Rb1 f5 16. exf5 Bxd4+ 17. Rxd4 Qe1+ 18. Bf1 Ne5 19. Rf4 Bxf5 20. Rxf5 gxf5 21. Kg2 Nxf3 22. Bf4 Nd4 23. Qb2 Qe7 24. Nd5 Qe4+ 25.
Kh3 cxd5 26. Bg2 Nf3 27. Rf1 Nd3 28. Qf6 Nxf4+ 29. gxf4 Re6 0-1

[Event "*** Titled Tuesday Blitz"]
[Site "Chess.com"]
[Date "2021.02.16"]
[Round "8"]
[White "Ginger_GM"]
[Black "GMKrikor"]
[Result "0-1"]
[WhiteElo "2638"]
[BlackElo "2811"]
[TimeControl "180+1"]
[EndTime "11:28:03 PST"]
[Termination "GMKrikor won by resignation"]

1. e4 c5 2. b4 cxb4 3. a3 bxa3 4. d4 d5 5. exd5 Qxd5 6. Nc3 Qd8 7. Bxa3 Nf6 8. Nf3 g6 9. Bc4 Bg7 10. Qe2 Nc6 11. O-O Bg4 12. Bxf7+ Kxf7 13. Ng5+ Ke8 14. f3 Qxd4+ 15. Kh1 Qxc3 16. fxg4 Qe5 17. Qd2 Rd8 18. Qc1 Nxg4 19. Nf3 Qxa1 20. Qf4 Qxf1+ 0-1

[Event "*** Titled Tuesday Blitz"]
[Site "Chess.com"]
[Date "2021.02.16"]
[Round "8"]
[White "Ave_Mariia"]
[Black "IAgrest"]
[Result "1-0"]
[WhiteElo "2485"]
[BlackElo "2327"]
[TimeControl "180+1"]
[EndTime "11:28:05 PST"]
[Termination "Ave_Mariia won on time"]

1. d4 Nf6 2. c4 g6 3. Nc3 Bg7 4. e4 d6 5. Be2 O-O 6. Be3 Nbd7 7. g4 e5 8. d5 Nc5 9. f3 a5 10. h4 h5 11. g5 Nfd7 12. Qd2 c6 13. Nh3 a4 14. Nf2 Qa5 15. O-O f6 16. dxc6 bxc6 17. Qxd6 fxg5 18. Qxg6 gxh4 19. Bh6 Rf7 20. Kh1 Nf8 21.
Qg5 Nce6 22. Qxh5 Nf4 23. Bxf4 Rxf4 24. Rg1 Ra7 25. Nd3 Rff7 26. Rg2 Nh7 27. Rag1 Be6 28. Qh6 Qc7 29. Qxe6 h3 30. Qxh3 1-0

[Event "*** Titled Tuesday Blitz"]
[Site "Chess.com"]
[Date "2021.02.16"]
[Round "8"]
[White "thechesscorner64"]
[Black "grandcoach"]
[Result "1-0"]
[WhiteElo "2424"]
[BlackElo "2240"]
[TimeControl "180+1"]
[EndTime "11:28:05 PST"]
[Termination "thechesscorner64 won by resignation"]

1. e4 c5 2. Nf3 Nc6 3. Bb5 e6 4. O-O Nge7 5. c3 a6 6. Ba4 b5 7.
Bc2 d5 8. Re1 dxe4 9. Bxe4 Bb7 10. d4 Ng6 11. dxc5 Qxd1 12. Rxd1 Bxc5 13. a4 Ke7 14.
Na3 bxa4 15. Nc4 Rhd8 16. Bc2 a3 17. b4 Ba7 18. Bxa3 Rxd1+ 19. Rxd1 Kf6 20. Nd6 Rb8 21.
Ne4+ Kf5 22. Neg5+ Kg4 23. h3+ Kh5 24. Nxf7 Nce5 25. N7xe5 Nxe5 26. Nxe5 1-0

[Event "*** Titled Tuesday Blitz"]
[Site "Chess.com"]
[Date "2021.02.16"]
[Round "8"]
[White "Klavdia_Nik"]
[Black "HElissalt"]
[Result "0-1"]
[WhiteElo "2040"]
[BlackElo "2213"]
[TimeControl "180+1"]
[EndTime "11:28:05 PST"]
[Termination "HElissalt won by resignation"]

1. Nf3 d5 2. c4 dxc4 3. Na3 c6 4. Nxc4 Nf6 5. b3 g6 6. Bb2 Bg7 7. g3 O-O 8. Bg2 Nbd7 9. O-O Nb6 10. d3 Nxc4 11. bxc4 Bf5 12. a4 a5 13. Bc3 Nd7 14.
Bxg7 Kxg7 15. e4 Bg4 16. d4 e5 17. d5 Nc5 18. Qc2 Bxf3 19. Bxf3 cxd5 20. cxd5 Rc8 21.
Qb2 Qd6 22. Qb5 b6 23. Rab1 Rb8 24. Bg2 f5 25. f3 f4 26. Bh3 fxg3 27. hxg3 Rf6 28.
Kg2 Rbf8 29. Qxb6 Qxb6 0-1

[Event "*** Titled Tuesday Blitz"]
[Site "Chess.com"]
[Date "2021.02.16"]
[Round "8"]
[White "BrianEscalante"]
[Black "BigAl"]
[Result "0-1"]
[WhiteElo "2608"]
[BlackElo "2479"]
[TimeControl "180+1"]
[EndTime "11:28:09 PST"]
[Termination "BigAl won by resignation"]

1. e4 c6 2. d4 d5 3. f3 Qb6 4.
Nc3 e6 5. a3 Nd7 6. Be3 Ngf6 7.
Bf2 Be7 8. e5 Nh5 9. g3 g6 10.
f4 c5 11. Nf3 Ng7 12. Nb5 a6 13. dxc5 Nxc5 14. Nc3 Qxb2 15. Bd4 Qb6 16. g4 h5 0-1

[Event "*** Titled Tuesday Blitz"]
[Site "Chess.com"]
[Date "2021.02.16"]
[Round "8"]
[White "XDPS"]
[Black "Skatchkov_V"]
[Result "0-1"]
[WhiteElo "2729"]
[BlackElo "2555"]
[TimeControl "180+1"]
[EndTime "11:28:11 PST"]
[Termination "Skatchkov_V won by resignation"]

1. e4 e5 2. Nf3 d5 3. d3 dxe4 4.
dxe4 Qxd1+ 5. Kxd1 Nc6 6. c3 f5 7. Bb5 Bd7 8. exf5 O-O-O 9. Nbd2 Bd6 10. Re1 Nf6 11. h3 Rhe8 12. g4 Bc5 13. Ke2 e4 14.
Ng5 Nd4+ 15. cxd4 Bxb5+ 16. Kd1 Bxd4 17. Ne6 Bxf2 18. Nxd8 Rxd8 19. Re2 e3 20. Rxf2 exf2 21. Kc2 Ne4 0-1

[Event "*** Titled Tuesday Blitz"]
[Site "Chess.com"]
[Date "2021.02.16"]
[Round "8"]
[White "ChessWarrior7197"]
[Black "platy3"]
[Result "1-0"]
[WhiteElo "2962"]
[BlackElo "2848"]
[TimeControl "180+1"]
[EndTime "11:28:13 PST"]
[Termination "ChessWarrior7197 won on time"]

1. e4 c5 2. Nf3 Nc6 3. d4 cxd4 4. Nxd4 Nf6 5. Nc3 e5 6. Ndb5 d6 7. Bg5 a6 8. Na3 b5 9. Bxf6 gxf6 10. Nd5 Bg7 11. g3 f5 12. exf5 Bxf5 13. Bg2 Rc8 14.
c3 O-O 15. O-O Be6 16. Nc2 f5 17. a4 bxa4 18. Rxa4 a5 19. Qd2 Rb8 20. b4 axb4 21.
Ncxb4 Nxb4 22. cxb4 Rf7 23. Rb1 h6 24. Ra6 Kh8 25. b5 f4 26. Be4 f3 27. b6 Qc8 28.
Rba1 Bf5 29. Bxf5 Qxf5 30. Ne3 Qe6 31. Ra8 Rb7 32. Qd5 Qxd5 33. Nxd5 e4 34. Rxb8+ Rxb8 35. Rb1 Bd4 36. b7 Bc5 37. Ne7 1-0

[Event "*** Titled Tuesday Blitz"]
[Site "Chess.com"]
[Date "2021.02.16"]
[Round "8"]
[White "LEGENYA1998"]
[Black "GLeruste"]
[Result "1/2-1/2"]
[WhiteElo "2310"]
[BlackElo "2456"]
[TimeControl "180+1"]
[EndTime "11:28:14 PST"]
[Termination "Game drawn by repetition"]

1. e4 e5 2. Nf3 Nf6 3. Nxe5 Nxe4 4. Qe2 Qe7 5. Qxe4 d6 6. d4 dxe5 7. dxe5 Nc6 8. Nc3 Qxe5 9. Qxe5+ Nxe5 10. Nb5 Bb4+ 11.
Bd2 Bxd2+ 12. Kxd2 Kd8 13. Re1 f6 14. f4 Ng6 15. g3 Bd7 16. Nd4 c5 17. Ne6+ Bxe6 18. Rxe6 Re8 19. Rxe8+ Kxe8 20. Bg2 Rd8+ 21. Kc3 b6 22. Re1+ Kf8 23. Bf3 Ne7 24. Rd1 Rxd1 25. Bxd1 Nd5+ 26. Kd2 Ke7 27. Bf3 Kd6 28. c4 Ne7 29.
Be4 h6 30. Ke3 g5 31. fxg5 fxg5 32. b3 Ke5 33. h3 Ng8 34. Bg6 Nf6 35. a3 a5 36. Bd3 Nh5 37. Kf3 Nf6 38. Ke3 Nh5 39. Kf3 Nf6 40. Ke3 1/2-1/2

[Event "*** Titled Tuesday Blitz"]
[Site "Chess.com"]
[Date "2021.02.16"]
[Round "8"]
[White "Nikolakis2014"]
[Black "bocah_sakit"]
[Result "0-1"]
[WhiteElo "2648"]
[BlackElo "2846"]
[TimeControl "180+1"]
[EndTime "11:28:15 PST"]
[Termination "bocah_sakit won by resignation"]

1. Nf3 Nf6 2. c4 g6 3. Nc3 Bg7 4. g3 O-O 5. Bg2 d6 6. d4 Nc6 7. O-O e5 8. dxe5 dxe5 9. Bg5 Be6 10. Qc1 Qc8 11. b4 Nd7 12. Nd5 e4 13. Nd2 f5 14.
Rb1 Nb6 15. b5 Bxd5 16. cxd5 Nd4 17. Re1 Nxd5 18. Qc4 c6 19. Nb3 Ne6 20. Bd2 Nb6 21. Qc1 cxb5 22. Na5 Qd7 23. Rd1 Nd4 24. Kf1 Rac8 25.
Qa3 Qf7 26. Bf4 Rfd8 27. h3 a6 28. Be3 Nc2 29. Rxd8+ Rxd8 30. Qb3 Qxb3 31. axb3 Nxe3+ 32. fxe3 Nd5 0-1

[Event "*** Titled Tuesday Blitz"]
[Site "Chess.com"]
[Date "2021.02.16"]
[Round "8"]
[White "dpopadic"]
[Black "Pintacara"]
[Result "0-1"]
[WhiteElo "2358"]
[BlackElo "2497"]
[TimeControl "180+1"]
[EndTime "11:28:16 PST"]
[Termination "Pintacara won by resignation"]

1. e4 c5 2. Nc3 e6 3. d3 a6 4. g4 b5 5. Bg2 Bb7 6. Nh3 b4 7. Ne2 d5 8. O-O Ne7 9. Ng3 g6 10. c3 a5 11. Be3 Nd7 12. Rc1 Bg7 13. Nf4 O-O 14. Qd2 d4 15. cxd4 cxd4 16. Nxe6 dxe3 17. Nxd8 exd2 18. Rc7 Rfxd8 19. Rxb7 Rac8 20. Bf3 Rc1 21. Bd1 Nc6 22. Ne2 Ra1 23. a3 bxa3 24. bxa3 Nd4 25. Nxd4 Bxd4 26. Kg2 Nc5 27. Rb5 Nxd3 28. Rxa5 Nxf2 29.
Bf3 Rxf1 30. Kxf1 d1=Q+ 31. Bxd1 Nxd1 32. Rd5 Ne3+ 33. Ke2 Nxd5 0-1

[Event "*** Titled Tuesday Blitz"]
[Site "Chess.com"]
[Date "2021.02.16"]
[Round "8"]
[White "Sergienko_Sergey"]
[Black "safikiet"]
[Result "1-0"]
[WhiteElo "2430"]
[BlackElo "2303"]
[TimeControl "180+1"]
[EndTime "11:28:23 PST"]
[Termination "Sergienko_Sergey won by resignation"]

1. e4 e5 2. Nf3 Nc6 3. Bb5 a6 4. Ba4 d6 5. c3 Bd7 6. d4 g6 7.
d5 Nce7 8. c4 Bg7 9. Nc3 Nf6 10.
O-O O-O 11. b4 a5 12. a3 Bxa4 13. Qxa4 axb4 14. Qxb4 b6 15. a4 Ra5 16. Nd2 Nh5 17. Nb3 Ra8 18. a5 bxa5 19. Rxa5 Rxa5 20. Qxa5 f5 21.
c5 fxe4 22. Nxe4 Nf4 23. Bxf4 exf4 24. Ng5 Nxd5 25. Ne6 Qh4 26. Nxf8 f3 27. Qa8 Qg5 28. Ne6+ 1-0

[Event "*** Titled Tuesday Blitz"]
[Site "Chess.com"]
[Date "2021.02.16"]
[Round "8"]
[White "IceBelka"]
[Black "Titus369"]
[Result "0-1"]
[WhiteElo "2396"]
[BlackElo "2562"]
[TimeControl "180+1"]
[EndTime "11:28:27 PST"]
[Termination "Titus369 won by resignation"]

1. e4 c5 2. Nf3 d6 3. d4 cxd4 4. Nxd4 Nf6 5. Nc3 a6 6. Be3 e6 7.
f3 Nbd7 8. Qd2 b5 9. g4 h6 10. a3 Bb7 11. O-O-O Rc8 12. Be2 Ne5 13. h4 Nc4 14. Bxc4 Rxc4 15. g5 Nd7 16. g6 Be7 17. gxf7+ Kxf7 18. Qg2 Bf6 19. Nce2 Qc7 20. Rd2 Rc8 21.
c3 b4 22. axb4 Rxb4 23. Qg4 Nf8 24. Kb1 Ra4 25. Rg1 Qa5 26. Nb3 Qb5 27. Ned4 Qc4 28. Qh5+ Ke7 29. Na5 Qa2+ 30. Kc2 Rxa5 31. Qg4 Ra4 32.
Qg2 Rxc3+ 33. Kd1 Rxe3 0-1

[Event "*** Titled Tuesday Blitz"]
[Site "Chess.com"]
[Date "2021.02.16"]
[Round "8"]
[White "DrVelja"]
[Black "Rozum_Ivan"]
[Result "1-0"]
[WhiteElo "2879"]
[BlackElo "2761"]
[TimeControl "180+1"]
[EndTime "11:28:28 PST"]
[Termination "DrVelja won by resignation"]

1. e4 e5 2. Nf3 Nf6 3. d4 Nxe4 4.
dxe5 d5 5. Nbd2 Nc5 6. Nb3 Nc6 7. Bb5 a6 8. Bxc6+ bxc6 9. O-O Be7 10. Nfd4 Nxb3 11.
axb3 Bd7 12. f4 c5 13. Ne2 Bc6 14. f5 d4 15. Nf4 Bg5 16. Qg4 O-O 17. Nh5 h6 18. f6 Qd7 19. Qg3 g6 20. Bxg5 hxg5 21. Qxg5 Kh7 22. Nf4 Rh8 23. e6 Qe8 24. Rae1 Kg8 25.
exf7+ Qxf7 26. Re7 1-0

[Event "*** Titled Tuesday Blitz"]
[Site "Chess.com"]
[Date "2021.02.16"]
[Round "8"]
[White "Twitch_ElhamBlitz05"]
[Black "exoticprincess"]
[Result "0-1"]
[WhiteElo "2826"]
[BlackElo "2915"]
[TimeControl "180+1"]
[EndTime "11:28:33 PST"]
[Termination "exoticprincess won by resignation"]

1. e4 c6 2. d4 d5 3. Nc3 dxe4 4. Nxe4 Bf5 5. Ng3 Bg6 6. h4 h6 7. Nf3 Nd7 8. h5 Bh7 9. Bd3 Bxd3 10. Qxd3 e6 11. Bd2 Ngf6 12. O-O-O Qb6 13. Ne5 Rd8 14. Qe2 Nxe5 15. dxe5 Nd5 16. c4 Nb4 17. Bxb4 Bxb4 18. Rxd8+ Qxd8 19. Rd1 Qg5+ 20. Kb1 O-O 21. a3 Ba5 22. Rd7 Qf4 23. Rxb7 Bb6 24. Rd7 Rb8 25. Ne4 Qxe5 26. Qf3 Bd4 27. b4 f5 28. Nd2 a5 29.
b5 cxb5 30. Rb7 Rxb7 31. Qxb7 bxc4 32. Qc6 Kh7 33. Qxc4 Bxf2 34. Nf3 Qd5 35. Qc8 Qb3+ 36. Ka1 Qxa3+ 37. Kb1 Qb3+ 38. Ka1 Bd4+ 39. Nxd4 Qa4+ 40. Kb1 Qxd4 41. Qxe6 Qe4+ 42. Qxe4 fxe4 0-1

[Event "*** Titled Tuesday Blitz"]
[Site "Chess.com"]
[Date "2021.02.16"]
[Round "8"]
[White "1977Ivan"]
[Black "FMJoseHerrera"]
[Result "1-0"]
[WhiteElo "2741"]
[BlackElo "2594"]
[TimeControl "180+1"]
[EndTime "11:28:37 PST"]
[Termination "1977Ivan won on time"]

1. e4 c5 2. Nc3 e6 3. f4 a6 4. Nf3 Qc7 5. g4 Qxf4 6. d4 Qc7 7. d5 b5 8. Bg2 Bb7 9. O-O h5 10. g5 g6 11. b3 Bg7 12. Bb2 Qd8 13. e5 Ne7 14. Ne4 Bxd5 15. Nd6+ Kf8 16. Nh4 Nf5 17. Bxd5 Qxg5+ 18. Ng2 Nxd6 19. Bxa8 Nf5 20. Qf3 h4 21. h3 Kg8 22. Be4 Nc6 23. Bxc6 dxc6 24.
Rad1 Kh7 25. Rd7 Rf8 26. Bc1 Qh5 27. Qxh5+ gxh5 28. Rxf5 exf5 29. Bf4 Re8 30. Rxf7 Kg8 31. Rxf5 1-0

[Event "*** Titled Tuesday Blitz"]
[Site "Chess.com"]
[Date "2021.02.16"]
[Round "8"]
[White "Moultino06"]
[Black "ChessQueen"]
[Result "0-1"]
[WhiteElo "2507"]
[BlackElo "2737"]
[TimeControl "180+1"]
[EndTime "11:28:41 PST"]
[Termination "ChessQueen won on time"]

1. b3 b6 2. Bb2 Bb7 3. Nf3 Nf6 4. e3 g6 5. c4 Bg7 6. Be2 c5 7. O-O O-O 8. d4 cxd4 9. Nxd4 d6 10. Nc3 Nc6 11.
Bf3 Qd7 12. Nxc6 Bxc6 13. Nd5 e5 14. a4 Rac8 15. Qd2 Rfd8 16. Rfd1 Ne8 17. Rac1 Qb7 18.
Be2 f5 19. h4 Nf6 20. h5 Ne4 21. Qb4 Nc5 22. hxg6 hxg6 23. f3 Kf7 24. Kf2 Rh8 25. Rh1 Bxd5 26. cxd5 Qe7 27. Qb5 Bf6 28. g3 f4 29. gxf4 exf4 0-1